Unix xNetHack Version 8.0.0 - last build Mar 23 2024 02:42:02 (1964348d4f5f1cf1067ea9968e02252fcc83c468). Game began 2024-04-25 19:11:02, ended 2024-04-25 23:03:36. Okoto, lawful female human Valkyrie ----------- ----------- |....|....--- |.........| |...`|.`...>| |.........| |.........--- |.........| |....|....| |.u..<....| |-.--------- |.........| |..`.|.....| |.....q...| |....|`....| |.....d...| |..........| |.......q@| |....|`....----------------%| |....|......................| ----------------------------- Okoto the Fighter St:15 Dx:14 Co:18 In:8 Wi:12 Ch:10 Lawful S:23639 Dlvl:7 $:5177 HP:0(90) Pw:26(26) AC:-2 Xp:9/4498 T:13343 Burdened Latest messages: The leocrotta claws you! The leocrotta hits! The leocrotta bites! Your small shield blocks the leocrotta's attack. In what direction? 7 The bolt of cold hits the leocrotta! The bolt of cold bounces! The bolt of cold bounces! The leocrotta misses! The leocrotta bites! The leocrotta misses! The dog bites! Please move the cursor to an unknown object. (For instructions type a '?') In what direction? 3 The corpse misses the dog. Your scale mail blocks the leocrotta's attack. The leocrotta misses! Your mithril dwarvish helm blocks the leocrotta's attack. The leocrotta misses! The leocrotta bites! The leocrotta claws you! Your small shield blocks the leocrotta's attack. The leocrotta misses! The leocrotta misses! You swap places with the peaceful dog. In what direction? 4 The bolt of cold hits the leocrotta! The leocrotta hits! The leocrotta bites! The leocrotta misses! You jab the leocrotta! The leocrotta just misses! The leocrotta bites! The leocrotta misses! The leocrotta misses! The leocrotta misses! The leocrotta claws you! The leocrotta hits! The leocrotta bites! The leocrotta claws you! The leocrotta misses! The leocrotta misses! The leocrotta claws you! You die... Do you want your possessions identified? [ynq] (y) y Do you want to see your attributes? [ynq] (y) n Do you want an account of creatures vanquished? [ynaq] (y) n Do you want to see your conduct and achievements? [ynq] (y) n Do you want to see the dungeon overview? [ynq] (y) n Inventory: Inventory: 918/875 weight (51/52 slots) Coins $ - 5177 gold pieces {52} Amulets K - an uncursed silver amulet of reflection (being worn) {25} Weapons b - a +0 dagger {10} a - a thoroughly rusty +1 spear (weapon in hand) {30} Armor M - an uncursed +0 mithril dwarvish helm (being worn) {19} I - an uncursed thoroughly rusty +0 pair of dwarvish boots (being worn) {38} U - an uncursed +0 pair of elven boots {15} c - an uncursed +3 small shield (being worn) {23} f - an uncursed +0 elven cloak (being worn) {8} h - a blessed +1 leather plain cloak {15} A - an uncursed +0 scale mail (being worn) {188} Comestibles e - 8 uncursed food rations {160} D - 3 uncursed fortune cookies {3} m - 4 uncursed tripe rations {40} H - an uncursed lichen corpse {20} Scrolls L - an uncursed scroll of create monster {5} i - an uncursed scroll of destroy armor {5} u - an uncursed scroll of earth {5} v - 3 uncursed scrolls of enchant weapon {15} x - an uncursed scroll of food detection named 50G {5} R - a cursed scroll of food detection {5} J - 3 uncursed scrolls of identify {15} Y - a cursed scroll of identify {5} w - a blessed scroll of light {5} Rings n - an uncursed ring of hunger named 50G {3} k - an uncursed ring of polymorph control (on left hand) {3} X - an uncursed ring of polymorph control {3} p - a cursed ring of polymorph control {3} V - an uncursed ring of shock resistance {3} Q - a cursed ring of shock resistance (on right hand) {1} z - an uncursed ring of slow digestion {3} N - an uncursed ring of warning named 50G {3} Wands d - a wand of cancellation named identify this one (0:8) {7} O - a wand of cold (0:1) {7} q - a wand of cold (0:0) {7} P - a wand of light (0:12) {7} F - a wand of magic missile named 75G (0:0) {7} E - a wand of make invisible named 75G (0:5) {7} B - a wand of probing (0:4) {7} C - a wand of probing (0:4) {7} s - a wand of secret door detection (0:10) {7} y - a wand of sleep (0:5) {7} l - a wand of speed monster named 75G (0:8) {7} G - a blessed wand of teleportation named Identify this (0:0) {7} Tools j - a can of grease (0:17) {15} T - an uncursed credit card {1} o - an expensive camera (0:40) {12} t - an uncursed iron magic lamp {18} W - an uncursed platinum oil lamp {28} r - an uncursed skeleton key {3} S - an uncursed stethoscope {4} Z - a +0 unicorn horn {20} Okoto the Valkyrie's attributes: Background: You were a Fighter, a level 9 human Valkyrie. You were lawful, on a mission for Tyr who was opposed by Odin (neutral) and Loki (chaotic). You were heterosexual. You were in Sokoban, on level 7. You entered the dungeon 13343 turns ago. It was nighttime. There was a full moon in effect when your adventure ended. You had 4498 experience points, 622 more were needed to attain level 10. Your score was 23639 before end-of-game adjustments. Basics: You had 0 out of 90 hit points. You had all 26 energy points (spell power). Your armor class was -2. Your wallet contained 5177 zorkmids. Autopickup was off. Final Characteristics: Your strength was 15 (peak:18/01, limit:18/100). Your dexterity was 14 (limit:18). Your constitution was 18 (limit:18). Your intelligence was 8 (limit:18). Your wisdom was 12 (limit:18). Your charisma was 10 (limit:18). Final Status: You were not hungry. You were burdened; movement was slightly slowed. You were wielding a spear. You had expert skill with spear. Final Attributes: You were piously aligned. You were cold resistant. You were shock resistant. Your items were protected from electric shocks. You were stealthy. You were warded. You had polymorph control. You were fast. You had reflection. You were lucky. You are dead. Miscellaneous: You never encountered a bones level. Total elapsed playing time was 3 hours, 43 minutes and 42 seconds. Major events: Turn 1: Okoto the lawful human Valkyrie entered the dungeon 745: attained the rank of Skirmisher (level 3) 1795: entered the Gnomish Mines 2477: reached Mine Town 2916: attained the rank of Fighter (level 6) 8065: entered Sokoban 8309: completed 1st Sokoban level 8810: completed 2nd Sokoban level 9415: completed 3rd Sokoban level 10859: completed 4th Sokoban level 13016: acquired the Sokoban amulet of reflection 13343: killed by a leocrotta Vanquished creatures: 2 giant mimics a wumpus 4 stalkers a warg 3 small mimics a glass piercer a xan a large dog a large cat a tiger a cobra a quivering blob 3 cockatrices 6 wolves 2 spotted jellies a mountain nymph a giant spider a horse 4 vampire bats 3 Green-elves a rust monster 2 owlbears a yeti 2 werewolves 3 dingoes 3 jaguars 2 blue jellies a black unicorn 2 dust vortices an ape 2 human zombies a rope golem a soldier ant an imp a bugbear 3 Mordor orcs 2 Uruk-hai 2 rock piercers a rock mole 2 ponies a fog cloud a yellow light a shrieker a violet fungus 5 gnome leaders a gnomish wizard a gray ooze an elf zombie a giant ant 2 kittens a dwarf a kobold leader a kobold shaman 10 hill orcs 3 rothes 2 centipedes 2 giant bats a monkey a wererat a werejackal 2 iguanas a killer bee 2 acid blobs a giant rat 3 cave spiders a brown mold 2 yellow molds a green mold a red mold 25 gnomes 4 geckos 5 jackals a fox 2 kobolds 2 goblins 3 sewer rats 8 grid bugs 2 bats 4 lichens 2 kobold zombies 2 newts 185 creatures vanquished. No species were genocided or became extinct. Voluntary challenges: You read items or engraved 4 times. You never genocided any monsters. You never polymorphed an object. You never changed form. You never touched an artifact. You used no wishes. You never scared an enemy with impunity. You were celibate. You never generated conflict. You violated the special Sokoban rules once. Achievements: You attained the rank of Skirmisher. You entered a shop. You entered the Gnomish Mines. You entered Minetown. You entered a temple. You attained the rank of Fighter. You entered Sokoban. You completed Sokoban. Dungeon overview: The Dungeons of Doom: levels 1 to 9 Level 1: Level 2: A fountain, a tree. Level 3: A general store. Stairs down to The Gnomish Mines. Level 4: Level 5: A health food store. Level 6: Level 7: A grave. Level 8: Many fountains. Oracle of Delphi. Level 9: A fountain, a tree. Stairs up to Sokoban, level 8. The Gnomish Mines: levels 4 to 6 Level 4: Level 5: Level 6: Many shops, a temple, some fountains, some trees. Sokoban: levels 8 up to 5 Level 5: Solved. Level 6: Solved. Level 7: <- You were here. Solved. Final resting place for you, killed by a leocrotta. Level 8: Solved. Game over: __________ / \ / REST \ / IN \ / PEACE \ / \ | Okoto | | 5177 Au | | killed by a | | leocrotta | | | | | | 2024 | *| * * * | * _________)/\\_//(\/(/\)/\//\/|_)_______ Farvel Okoto the Valkyrie... You died in Sokoban on dungeon level 7 with 23122 points, and 5177 pieces of gold, after 13343 moves. You were level 9 with a maximum of 90 hit points when you died.